 Dungeon Crawl Stone Soup version 0.21.1-1-g345015fe64 (webtiles) character file.

15061 Beholder179 the Slinger (level 12, 0/102 HPs)
             Began as a Human Hunter on June 30, 2018.
             Was an Initiate of Gozag.
             Slain by an unseen horror (8 damage)
             ... on level 12 of the Dungeon on July 1, 2018.
             The game lasted 01:12:21 (19340 turns).

Beholder179 the Slinger (Human Hunter)             Turns: 19340, Time: 01:12:22

Health: 0/102      AC: 10    Str: 21    XL:     12   Next: 53%
Magic:  12/12      EV: 23    Int: 12    God:    Gozag
Gold:   416        SH:  0    Dex: 23    Spells: 11/11 levels left

rFire    + . .     SeeInvis .   b - +0 quarterstaff
rCold    . . .     Gourm    .   (shield currently unavailable)
rNeg     . . .     Faith    .   K - +0 scale mail
rPois    +         Spirit   .   j - +0 helmet
rElec    .         Reflect  .   t - +0 cloak
rCorr    .         Harm     .   z - +0 pair of gloves
MR       .....                  (no boots)
Stlth    +.........             c - amulet of rage
HPRegen  0.27/turn              Q - ring of the Octopus King {rF+ AC+1 EV+1 Str+1 Int+1 Dex+1}
MPRegen  0.13/turn              E - ring of poison resistance

@: confused, mighty, agile, hasted, very quick
A: no striking features
a: Potion Petition, Call Merchant, Bribe Branch, Renounce Religion, Evoke
Berserk Rage


You were on level 12 of the Dungeon.
You worshipped Gozag.
Gozag was aware of your devotion.
You were hungry.

You visited 3 branches of the dungeon, and saw 14 of its levels.

You collected 2649 gold pieces.
You spent 845 gold pieces at shops.
You paid 1388 gold pieces to Gozag.

Inventory:

Hand Weapons
 a - a +2 hunting sling
 b - a +0 quarterstaff (weapon)
Missiles
 d - 33 sling bullets
 m - 109 stones (quivered)
 G - a throwing net {!f}
Armour
 j - a +0 helmet (worn)
 r - a +0 plate armour
 t - a +0 cloak (worn)
 z - a +0 pair of gloves (worn)
 K - a +0 scale mail (worn)
 P - the cursed +0 robe "Keotoota" {rPois rF- rN++ rCorr, unknown}
   (You found it on level 10 of the Dungeon)

   It makes you vulnerable to fire.
   It protects you from poison.
   It greatly protects you from negative energy.
   It protects you from acid and corrosion.
   It has a curse placed upon it.
Jewellery
 c - an amulet of rage (around neck)
 p - a +1 ring of evasion
 s - an uncursed ring of positive energy
 x - an uncursed ring of resist corrosion
 y - an uncursed amulet of regeneration {unknown}
 B - an uncursed amulet of regeneration {unknown}
 E - a ring of poison resistance (right hand)
 L - an uncursed ring of ice
 M - an uncursed ring of protection from magic
 Q - a ring of the Octopus King (left hand) {rF+ AC+1 EV+1 Str+1 Int+1 Dex+1}
   (You took it off a crimson imp on level 11 of the Dungeon)

   [ring of protection from fire]

   It affects your AC (+1).
   It affects your evasion (+1).
   It affects your strength (+1).
   It affects your intelligence (+1).
   It affects your dexterity (+1).
   It protects you from fire.
Wands
 h - a wand of digging (11)
 O - a wand of disintegration (18)
 S - a wand of paralysis (6)
 T - a wand of acid (6)
Scrolls
 g - a scroll of immolation {!r}
 i - a scroll of enchant weapon
 k - 2 scrolls of magic mapping
 l - 2 scrolls of fog
 o - 2 scrolls of noise {!r}
 q - a scroll of fear
 v - a scroll of blinking {unknown}
 w - a scroll of amnesia {unknown}
 C - a scroll of enchant armour {unknown}
 F - a scroll of vulnerability {unknown}
 R - a scroll of remove curse
Potions
 e - a potion of agility
 n - 2 potions of cancellation
 u - 4 potions of brilliance
 A - a potion of resistance
 D - a potion of curing
 H - 2 potions of mutation {!q}
 J - a potion of magic {unknown}
Miscellaneous
 I - a phial of floods (inert)
Comestibles
 f - 5 rations


   Skills:
 - Level 12.0 Fighting
 + Level 6.1 Staves
 - Level 12.0 Slings
 * Level 1.4 Armour
 - Level 8.4 Dodging
 - Level 1.0 Stealth


You had 11 spell levels left.
You didn't know any spells.

Dungeon Overview and Level Annotations

Branches:
Dungeon (12/15)            Temple (1/1) D:4            Lair (0/6) D:9
    Orc (1/2) D:10

Altars:
Cheibriados
Fedhas
Gozag
Hepliaklqana
Kikubaaqudgha
Makhleb
Nemelex Xobeh
Qazlal
Uskayaw
Wu Jian
Xom
Zin
Lugonu

Shops:
D:9 *   D:11 *

Annotations:
D:1 exclusion: downstairs
D:5 exclusion: downstairs
D:7 exclusion: 2 downstairs
D:8 exclusion: 2 downstairs
D:9 Erolcha; kajmaj's ghost, journeyman TrBe


Message History

Press: ? - help, Shift-Dir - straight line The bolt of acid hits something.
Something hits you but does no damage. Something hits you!
* * * LOW HITPOINT WARNING * * *
[a] - 600 gold - haste and resistance [b] - 414 gold - might, agility and haste [c] - 390 gold - haste and flight Purchase which effect?
You no longer have enough gold to fund merchants seeking to open stores in the dungeon.
You feel very mighty all of a sudden.
You feel agile all of a sudden.
You feel yourself speed up. Something hits you but does no damage.
Okay, then.
You are confused.
You feel invigorated. Something misses you. Something closely misses you.
Something hits you!
* * * LOW HITPOINT WARNING * * *
Something barely misses you. Something closely misses you. Something hits you!
You die...
Your body crumbles into a pile of gold.

.........###.....# #.#
.........# #.....# #.#
.........###...#.# #.#
.......#......##.###.#
#.....#######........#
##...## ####.#####
##+# #.# #.# #@# #.#
#.# #.# #.# .....ยง..#
#########


There were no monsters in sight!

Vanquished Creatures
  Urug
  An ugly thing
  An oklob plant
  2 centaur zombies Joseph Maurice
  A rust devil
  4 molten gargoyles
  An orange demon
  A centaur skeleton
  3 trolls
  6 yaks
  A vampire
  A wraith
  A wyvern
  A human Eustachio
  2 steam dragons
  3 wargs
  An acid dragon
  A water moccasin
  2 porcupines
  6 orc warriors
  An ice beast
  6 sky beasts
  5 phantoms
  3 black bears
  3 necrophages
  8 ogres
  2 wolves
  12 centaurs
  4 crocodiles
  2 big kobolds
  2 bullfrogs
  4 scorpions
  A water moccasin skeleton
  10 killer bees
  6 howler monkeys
  5 crimson imps
  4 hounds
  8 jellies
  3 quasits
  10 orc wizards
  6 orc priests
  9 iron imps
  3 iguanas
  Natasha (thrice)
  6 worker ants
  A hound zombie
  A hound skeleton
  6 gnolls
  14 adders
  A shadow imp
  13 oozes
  An adder zombie
  An adder skeleton
  2 worms
  2 dart slugs
  2 leopard geckos
  38 orcs
  8 giant cockroaches
  6 goblins
  2 hobgoblins
  12 jackals
  5 quokkas
  2 ball pythons
  A ball python zombie
  5 bats
  2 frilled lizards
  18 kobolds
  6 rats
  A fire vortex
  A plant
320 creatures vanquished.

Vanquished Creatures (others)
  6 fungi
  2 plants
8 creatures vanquished.

Grand Total: 328 creatures vanquished

Notes
Turn   | Place    | Note
-------+----------+-------------------------------------------
     0 | D:1      | Beholder179 the Human Hunter began the quest for the Orb.
     0 | D:1      | Reached XP level 1. HP: 16/16 MP: 1/1
   405 | D:1      | Reached XP level 2. HP: 22/22 MP: 2/2
   931 | D:1      | Reached XP level 3. HP: 19/28 MP: 3/3
  1280 | D:2      | Noticed Natasha
  1290 | D:2      | Killed Natasha
  1290 | D:2      | Reached XP level 4. HP: 28/34 MP: 4/4
  1338 | D:2      | Noticed Natasha
  1355 | D:2      | Killed Natasha
  1355 | D:2      | Reached skill level 3 in Fighting
  1355 | D:2      | Reached skill level 5 in Slings
  1521 | D:2      | Noticed Natasha
  1530 | D:2      | Killed Natasha
  1530 | D:2      | Reached XP level 5. HP: 41/41 MP: 5/5
  2664 | D:3      | Reached skill level 6 in Slings
  2664 | D:3      | Reached XP level 6. HP: 47/47 MP: 6/6
  3049 | D:3      | Found a faded altar of an unknown god.
  4082 | D:4      | Reached skill level 4 in Fighting
  4351 | D:4      | Reached XP level 7. HP: 31/54 MP: 7/7
  4790 | D:4      | Found a staircase to the Ecumenical Temple.
  4796 | Temple   | Entered the Ecumenical Temple
  4801 | Temple   | Became a worshipper of Gozag Ym Sagoz the Greedy
  4909 | D:4      | Reached skill level 7 in Slings
  5170 | D:5      | Entered Level 5 of the Dungeon
  5509 | D:5      | Reached skill level 5 in Fighting
  5509 | D:5      | Reached XP level 8. HP: 45/62 MP: 8/8
  5662 | D:5      | Reached skill level 8 in Slings
  5784 | D:5      | HP: 5/62 [something (6)]
  6095 | D:5      | Found a hazy altar of Hepliaklqana.
  6610 | D:5      | Reached skill level 9 in Slings
  6636 | D:6      | Reached skill level 6 in Fighting
  6661 | D:6      | Noticed Eustachio
  6688 | D:6      | Reached XP level 9. HP: 32/69 MP: 9/9
  6703 | D:6      | Killed Eustachio
  6936 | D:6      | Found a stormy altar of Qazlal.
  7179 | D:6      | Reached skill level 10 in Slings
  7355 | D:6      | Reached skill level 7 in Fighting
  7460 | D:6      | Found a burning altar of Makhleb.
  8187 | D:7      | Got a smoking hand axe {venom}
  8299 | D:7      | Reached skill level 11 in Slings
  8526 | D:7      | Noticed Joseph
  8560 | D:7      | Killed Joseph
  8560 | D:7      | Reached skill level 8 in Fighting
  8560 | D:7      | Reached XP level 10. HP: 70/80 MP: 10/10
  9665 | D:8      | Reached skill level 12 in Slings
  9788 | D:8      | Muffindrake: human throw rocks to get shiny rocks
  9858 | D:8      | Muffindrake: human use shiny rocks to buy more rocks
  9984 | D:8      | Beholder179: already killed the fake Joseph
 10074 | D:8      | Noticed Maurice
 10504 | D:8      | Got a blackened rapier
 10546 | D:8      | Reached skill level 9 in Fighting
 10986 | D:8      | Killed Maurice
 10986 | D:8      | Reached skill level 1 in Staves
 11268 | D:9      | Reached skill level 2 in Staves
 11268 | D:9      | Reached skill level 3 in Dodging
 11393 | D:9      | Noticed kajmaj's ghost (journeyman TrBe)
 11396 | D:9      | Beholder179: wtf is his head
 11396 | D:9      | Beholder179: and his damage...
 12096 | D:8      | Reached XP level 11. HP: 90/90 MP: 11/11
 12105 | D:8      | Reached skill level 3 in Staves
 12224 | D:8      | Reached skill level 4 in Dodging
 12555 | D:9      | Found a staircase to the Lair.
 12596 | D:9      | Found Xaheptixt's Elemental Accessories.
 12618 | D:9      | Reached skill level 10 in Fighting
 12670 | D:9      | Bought a phial of floods for 400 gold pieces
 12700 | D:9      | Reached skill level 4 in Staves
 12757 | D:8      | HP: 19/132 [troll (9)]
 13144 | D:9      | Noticed Erolcha
 13225 | D:10     | Entered Level 10 of the Dungeon
 13225 | D:10     | Found a staircase to the Orcish Mines.
 13255 | D:10     | Reached skill level 5 in Dodging
 13454 | D:10     | Noticed Urug
 14301 | D:9      | Noticed a brown ugly thing
 14325 | D:9      | Killed a brown ugly thing
 14325 | D:9      | Reached skill level 5 in Staves
 15026 | D:10     | Noticed an oklob plant
 15232 | D:10     | Killed an oklob plant
 15232 | D:10     | Reached skill level 6 in Dodging
 15517 | D:10     | Killed Urug
 15779 | D:10     | Got a dull robe
 16022 | Orc:1    | Entered Level 1 of the Orcish Mines
 16108 | Orc:1    | Found a shimmering altar of Xom.
 16129 | Orc:1    | Noticed a two-headed ogre
 16178 | Orc:1    | Noticed an orc knight
 16180 | Orc:1    | Noticed an orc sorcerer
 16353 | D:11     | Reached skill level 6 in Staves
 16359 | D:11     | Found a corrupted altar of Lugonu.
 16416 | D:11     | Reached skill level 11 in Fighting
 16417 | D:11     | Reached XP level 12. HP: 98/98 MP: 12/12
 16492 | D:11     | Reached skill level 7 in Dodging
 17030 | D:11     | Got a ring of the Octopus King
 17031 | D:11     | Found Naka Fosm's Assorted Antiques.
 17035 | D:11     | Bought a scroll of remove curse for 75 gold pieces
 17035 | D:11     | Bought a blackened bronze wand for 100 gold pieces
 17035 | D:11     | Bought 2 scrolls labeled XUDUPNALEU for 50 gold pieces
 17035 | D:11     | Bought a scroll of fog for 50 gold pieces
 17036 | D:11     | Identified a ring of the Octopus King {rF+ AC+1 EV+1 Str+1 Int+1 Dex+1} (You took it off a crimson imp on level 11 of the Dungeon)
 17413 | D:11     | Bought 2 bubbling blue potions for 45 gold pieces
 17413 | D:11     | Bought a copper ring for 125 gold pieces
 17923 | D:12     | Reached skill level 8 in Dodging
 18487 | D:12     | HP: 13/100 [molten gargoyle/bolt of magma (19)]
 18787 | D:12     | Reached skill level 12 in Fighting
 19051 | D:12     | Reached skill level 1 in Armour
 19334 | D:12     | HP: 15/102 [something (5)]
 19335 | D:12     | HP: 5/102 [something (7)]
 19340 | D:12     | Slain by an unseen horror

Skill      XL: |  1  2  3  4  5  6  7  8  9 10 11 12 |
---------------+-------------------------------------+-----
Fighting       | 3 4 5 6 8 9 11 12 | 12.0
Slings         | 5 6 7 9 11 12 | 12.0
Staves         | 2 6 |  6.1
Dodging        | 3 6 8 |  8.4
Armour         | 1 |  1.4
Stealth        | |  1.0

Action                   |  1- 3 |  4- 6 |  7- 9 | 10-12 || total
-------------------------+-------+-------+-------+-------++-------
Melee: Short sword       |    50 |   102 |   119 |       ||   271
       Quarterstaff      |       |       |       |   231 ||   231
 Fire: Hunting sling     |    12 |   240 |   442 |  1127 ||  1821
Invok: Potion Petition   |       |       |     1 |     3 ||     4
 Abil: Evoke Berserk Rag |       |       |     4 |    13 ||    17
Evoke: Wand              |       |       |       |     9 ||     9
       Phial of floods   |       |       |       |     1 ||     1
  Use: Scroll            |     1 |     2 |    10 |    12 ||    25
       Potion            |       |     3 |     1 |     3 ||     7
 Stab: Sleeping          |     1 |       |       |       ||     1
       Distracted        |       |       |     1 |       ||     1
  Eat: Chunk             |     1 |    10 |     1 |       ||    12
       Ration            |       |       |     4 |    13 ||    17
Armor: Leather armour    |    20 |    60 |       |       ||    80
       Ring mail         |       |    11 |   124 |   110 ||   245
       Chain mail        |       |    11 |       |       ||    11
       Scale mail        |       |       |       |    99 ||    99
Dodge: Dodged            |    27 |   149 |   198 |   431 ||   805
